 Dungeon Crawl Stone Soup version 0.22-a0-307-g2b15929 (webtiles) character file.

1438 esteth the Destroyer (level 8, -1/41 HPs)
             Began as a Tengu Air Elementalist on Apr 1, 2018.
             Was a Follower of Vehumet.
             Slain by a bullfrog (4 damage)
             ... on level 5 of the Dungeon.
             The game lasted 00:14:44 (5356 turns).

esteth the Destroyer (Tengu Air Elementalist)       Turns: 5356, Time: 00:14:44

Health: -1/41      AC:  2    Str:  9    XL:     8   Next: 74%
Magic:  4/16       EV: 13    Int: 17    God:    Vehumet [*.....]
Gold:   222        SH:  0    Dex: 15    Spells: 10/17 levels left

rFire    . . .     SeeInvis .   l - +4 dagger (venom)
rCold    . . .     Gourm    .   (no shield)
rNeg     . . .     Faith    .   a - +0 robe
rPois    .         Spirit   .   (helmet restricted)
rElec    .         Reflect  .   (no cloak)
rCorr    .         Harm     .   (no gloves)
MR       .....                  (boots unavailable)
Stlth    ++........             (no amulet)
HPRegen  0.13/turn              (no ring)
MPRegen  0.15/turn              (no ring)

@: no status effects
A: beak, talons 3, able to fly 1
a: Fly, Renounce Religion


You were on level 5 of the Dungeon.
You worshipped Vehumet.
Vehumet was aware of your devotion.
You were not hungry.

You visited 1 branch of the dungeon, and saw 5 of its levels.

You collected 222 gold pieces.

Inventory:

Hand Weapons
 l - a +4 dagger of venom (weapon)
Armour
 a - a +0 robe (worn)
Jewellery
 g - an uncursed amulet of the acrobat {unknown}
Wands
 n - a wand of scattershot (5)
Scrolls
 d - 3 scrolls of teleportation
 e - a scroll of amnesia
 f - 2 scrolls of identify {unknown}
 i - 6 scrolls of remove curse
 q - a scroll of magic mapping {unknown}
 s - a scroll of fear {unknown}
 u - a scroll of acquirement {unknown}
Potions
 h - a potion of might
 j - a potion of brilliance {unknown}
 k - 2 potions of lignification {unknown}
 m - a potion of invisibility {unknown}
 o - a potion of haste {unknown}
 p - a potion of magic {unknown}
 r - a potion of berserk rage {unknown}
 t - a potion of ambrosia {unknown}
Comestibles
 b - 5 chunks of flesh
 c - 8 rations


   Skills:
 - Level 2.1 Dodging
 - Level 2.0 Stealth
 + Level 5.0 Spellcasting
 - Level 9.0 Conjurations
 - Level 9.0 Air Magic


You had 10 spell levels left.
You knew the following spells:

 Your Spells              Type           Power        Failure   Level  Hunger
a - Shock                 Conj/Air       ####         1%          1    None
b - Airstrike             Air            #####.....   3%          4    ####...
c - Swiftness             Chrm/Air       ###.....     3%          2    #......


Dungeon Overview and Level Annotations

Branches:
Dungeon (5/15)
 Temple: D:4-7

Altars:
Cheibriados
Fedhas
Qazlal
Ru
Vehumet
Wu Jian
Yredelemnul
The Shining One

Annotations:
D:2 Sigmund
D:3 exclusion: upstairs


Innate Abilities, Weirdness & Mutations

You have a beak for a mouth.
You have claws for feet.
You can fly.


Message History

The bullfrog barely misses you. x2
Some of the chunks of flesh in your inventory have rotted away.
Casting: Shock (safe; 1% risk of failure)
Confirm with . or Enter, or press ? or * to list all spells.
Aiming: Shock (safe; 1% risk of failure)
Press: ? - help, Shift-Dir - straight line, f/p - bullfrog
Aim: a bullfrog (heavily wounded)
The zap hits the bullfrog.
The bullfrog is heavily wounded.
The centaur misses you. The bullfrog hits you.
* * * LOW HITPOINT WARNING * * *
The centaur closely misses you.
You feel better. The bullfrog hits you.
* * * LOW HITPOINT WARNING * * *
The centaur barely misses you. The bullfrog closely misses you.
The centaur wields a shortbow.
The centaur shoots an arrow.
The arrow hits you!
* * * LOW HITPOINT WARNING * * *
The centaur shoots an arrow.
The arrow barely misses you. The bullfrog hits you.
You die...

#..##
#......##.....
#...#
#.........(..#
##..##
#.........<..#
###.##
##.####.......#
##.## ##.##
#...###(. ##.#
##.## #... #. #.##
####..# #.... # #
#..# ##...(## #..##
#.. ##.## #...@##
..# #...###..#
##.cF## <#
#........###...##
..............†#
.####..............
##.............#
#########.....#
##....# ###..


You could see a bullfrog and a centaur.

Vanquished Creatures
  Pikel (D:4)
  2 slaves (D:4)
  A phantom (D:4)
  Purgy (D:4)
  2 centaurs
  A bullfrog (D:3)
  2 howler monkeys (D:5)
  A crimson imp (D:5)
  2 hounds
  2 orc priests
  2 iguanas
  2 orc wizards (D:3)
  A worker ant (D:4)
  7 adders
  7 gnolls
  2 shadow imps (D:5)
  An ooze (D:2)
  An adder skeleton (D:5)
  A dart slug (D:1)
  2 worms (D:2)
  2 leopard geckos
  8 orcs
  6 giant cockroaches
  A goblin (D:3)
  6 hobgoblins
  5 jackals (D:5)
  5 kobolds
  5 quokkas
  A ball python zombie (D:5)
  A bat (D:1)
  3 frilled lizards
  A giant cockroach zombie (D:5)
  A leopard gecko zombie (D:5)
  2 quokka skeletons (D:4)
  3 rats
91 creatures vanquished.

Vanquished Creatures (others)
  A slave (D:4)
  A bullfrog skeleton (D:4)
  A gnoll (D:4)
  4 orcs (D:4)
7 creatures vanquished.

Grand Total: 98 creatures vanquished

Notes
Turn   | Place    | Note
-------+----------+-------------------------------------------
     0 | D:1      | esteth the Tengu Air Elementalist began the quest for the Orb.
     0 | D:1      | Reached XP level 1. HP: 10/10 MP: 4/4
   587 | D:1      | Reached XP level 2. HP: 15/15 MP: 0/6
   872 | D:2      | Found a stormy altar of Qazlal.
   885 | D:2      | Noticed a fire elemental
   969 | D:2      | Noticed an air elemental
   969 | D:2      | Noticed a water elemental
   969 | D:2      | Noticed an earth elemental
  1217 | D:2      | Reached XP level 3. HP: 19/19 MP: 2/8
  1560 | D:2      | Reached XP level 4. HP: 22/24 MP: 2/9
  1623 | D:2      | Learned a level 4 spell: Airstrike
  1798 | D:2      | Noticed Sigmund
  2024 | D:3      | Gained mutation: You can fly. [Tengu growth]
  2024 | D:3      | Reached XP level 5. HP: 19/28 MP: 6/11
  2154 | D:3      | Noticed a centaur
  2159 | D:3      | Killed a centaur
  2159 | D:3      | Reached skill level 5 in Spellcasting
  2159 | D:3      | Reached XP level 6. HP: 26/32 MP: 2/14
  2367 | D:3      | Learned a level 2 spell: Swiftness
  2809 | D:3      | Found an ornate altar of the Wu Jian Council.
  3279 | D:3      | Found a blossoming altar of Fedhas.
  3281 | D:3      | Found a radiant altar of Vehumet.
  3336 | D:3      | Became a worshipper of Vehumet
  3390 | D:4      | Noticed Purgy
  3407 | D:4      | Killed Purgy
  3407 | D:4      | Reached skill level 5 in Conjurations
  3407 | D:4      | Reached skill level 5 in Air Magic
  3407 | D:4      | Reached XP level 7. HP: 15/36 MP: 0/15
  3888 | D:4      | Found a sacrificial altar of Ru.
  3911 | D:4      | Noticed Pikel
  3927 | D:4      | Killed Pikel
  3927 | D:4      | Reached XP level 8. HP: 7/41 MP: 3/16
  4405 | D:4      | Found a basalt altar of Yredelemnul.
  4414 | D:4      | Found a glowing golden altar of the Shining One.
  4732 | D:5      | Entered Level 5 of the Dungeon
  5156 | D:5      | Reached * piety under Vehumet
  5156 | D:5      | Offered knowledge of Freeze by Vehumet.
  5220 | D:5      | Found a snail-covered altar of Cheibriados.
  5356 | D:5      | Slain by a bullfrog

Vault maps used:
D:1:      erik_arrival_blinker_ship
D:2:      nicolae_qazlal_style_of_elements, uniq_sigmund
D:3:      gammafunk_temple_overflow_pools, lemuel_doored_altar
D:4:      grunt_temple_overflow_holy_war, first_ration, portal_sewer_entry_b,
          st_stairs_7, hangedman_decor_riveting, nicolae_ru_awakened_eye,
          uniq_purgy, uniq_pikel
D:5:      old_standard_altar

Skill      XL: |  1  2  3  4  5  6  7  8 |
---------------+-------------------------+-----
Conjurations   | 2 3 4 5 7 9 |  9.0
Spellcasting   | 3 5 |  5.0
Air Magic      | 5 7 9 |  9.0
Dodging        | |  2.1
Stealth        | |  2.0

Action                   |  1- 3 |  4- 6 |  7- 9 || total
-------------------------+-------+-------+-------++-------
Melee: Unarmed           |       |     4 |       ||     4
       Kick              |       |     5 |     5 ||    10
       Dagger            |       |    14 |    21 ||    35
       Club              |       |     4 |       ||     4
       Peck              |       |     2 |     2 ||     4
 Cast: Shock             |    55 |    52 |   126 ||   233
       Airstrike         |       |     7 |     1 ||     8
       Swiftness         |       |     1 |       ||     1
  Use: Potion            |       |     5 |     2 ||     7
       Scroll            |       |     5 |       ||     5
  Eat: Chunk             |     2 |     4 |     6 ||    12
       Ration            |       |     1 |       ||     1
Armor: Robe              |       |     7 |     8 ||    15
Dodge: Dodged            |     9 |    37 |    50 ||    96

Table legend:
 A = Spawn XP
 B = Non-spawn XP
 C = Spawn XP percentage of total XP
 D = Spawn monster count
 E = Non-spawn monster count
 F = Spawn count percentage of total count
 G = Total turns spent on level
                    A         B        C        D         E        F      G
               +---------+---------+-------+---------+---------+-------+---------
         Total |       0 |    2055 |   0.0 |       0 |      89 |   0.0 |  5356
               +---------+---------+-------+---------+---------+-------+---------
           D:1 |       0 |      26 |   0.0 |       0 |       8 |   0.0 |  1085
           D:2 |       0 |      98 |   0.0 |       0 |      16 |   0.0 |   731
           D:3 |       0 |     393 |   0.0 |       0 |      24 |   0.0 |  1558
           D:4 |       0 |    1098 |   0.0 |       0 |      18 |   0.0 |  1358
           D:5 |       0 |     440 |   0.0 |       0 |      23 |   0.0 |   624
               +---------+---------+-------+---------+---------+-------+---------
